 Dungeon Crawl Stone Soup version 0.31-a0-1008-g5b978dac0e (webtiles) character file.

Game seed: 9984383218183926067

24 Azuregosa the Sneak (level 3, 0/26 HPs)
             Began as an Octopode Delver on Nov 12, 2023.
             Splashed by a jelly's acid (8 damage)
             ... on level 4 of the Dungeon.
             The game lasted 00:02:40 (464 turns).

Azuregosa the Sneak (Octopode Delver)                Turns: 464, Time: 00:02:41

Health: 0/26       AC: -3    Str: 11    XL:     3   Next: 2%
Magic:  3/3        EV: 13    Int: 14    God:
Gold:   66         SH:  0    Dex: 13    Spells: 2/2 levels left

rFire   . . .        a - +0 hand axe
rCold   . . .        (no shield)
rNeg    . . .        (helmet restricted)
rPois   .            (no amulet)
rElec   .            g - +4 ring of protection
rCorr   .            (no ring)
SInv    .            (no ring)
Will    .....        (no ring)
Stlth   ++++         (no ring)
HPRegen 0.24/turn    (no ring)
MPRegen 0.08/turn    (no ring)
                     (no ring)

%: no passive effects
@: corroded
A: almost no armour, amphibious, 8 rings, camouflage 1, gelatinous body 1,
(nimble swimmer 1), tentacles
a: no special abilities


You were on level 4 of the Dungeon.
You visited 1 branch of the dungeon, and saw 2 of its levels.

You collected 66 gold pieces.

Inventory:

Hand Weapons
 a - a +0 hand axe (weapon)
Missiles
 h - 5 poisoned darts
 i - 8 stones
Jewellery
 g - a +4 ring of protection (left tentacle)
Wands
 f - a wand of digging (3)
 j - a wand of mindburst (19)
Scrolls
 b - a scroll of fog
 c - a scroll of identify {unknown}
 d - a scroll of fear
 k - a scroll of immolation {unknown}
 n - a scroll of acquirement {unknown}
Potions
 e - a potion of haste
 l - a potion of might {unknown}
 m - a potion of curing {unknown}


   Skills:
 + Level 3.4 Fighting
 - Level 2.0 Axes
 - Level 2.0 Dodging
 - Level 7.3 Stealth


You had 2 spell levels left.
You didn't know any spells.
Your spell library contained the following spells:

 Spells                   Type           Power      Damage    Failure   Level
 Call Canine Familiar     Summ           0%         N/A       65%         3
 Sigil of Binding         Hex            0%         N/A       65%         3
 Dimensional Bullseye     Hex/Tloc       0%         N/A       96%         4
 Leda's Liquefaction      Hex/Erth       0%         N/A       96%         4


Dungeon Overview and Level Annotations

Branches:
Dungeon (5/15)
 Temple: D:4-7

Altars:
Okawaru

Portals:
Sewer: D:4

Annotations:
D:4 1 runed translucent door


Innate Abilities, Weirdness & Mutations

You cannot wear most types of armour.
You are amphibious.
You can wear up to eight rings at the same time.
Your skin changes colour to match your surroundings (Stealth+).
Your rubbery body absorbs attacks. (AC +1, EV +1)
((You are camouflaged when in or above water. (Stealth+)))
You have tentacles for arms and can constrict up to eight enemies at once.


Message History

Found an iron altar of Okawaru.
A ball python comes into view.
Found a scroll labelled EFIEKU SESCHU.
m - a grey potion
There are no items here.
Found 11 gold pieces and a ruby potion.
Found a grey potion and a scroll labelled MUIMYO TECWA.
The gnoll shouts! x3; The gnoll sergeant shouts!
The gnoll shouts! x2
The orc shouts!
The gnoll shouts!
The ball python misses you. The ball python grabs you.
The ball python constricts you.
You closely miss the ball python. Your grab misses the ball python.
You squeeze the ball python.
You kill the ball python!
You hear the brisk rusting of a very distant drain.
i - 8 stones (gained 3)
You hear the brisk rusting of a very distant drain.
Found a stone staircase leading up.
You now have 35 gold pieces (gained 16).
You now have 53 gold pieces (gained 18).
You hear the quick rusting of a very distant drain.
Found a stone staircase leading down.
You now have 66 gold pieces (gained 13).
Found a ring mail.
n - a scroll labelled WIOXKYO VUQUSI You hear the quick rusting of a very distant drain.
Found two daggers.
Found a stone staircase leading up.
A jelly comes into view.
Found a stone staircase leading up.
You see here a scroll labelled UNOLOC OTUTSE.
Found a glowing drain.
The helpless jelly fails to defend itself.
You hit the jelly. The acid corrodes you!
Your tentacles burn!
You squeeze the jelly!
The jelly is severely wounded.
The jelly hits you. The acid corrodes you!
You are splashed with acid!
You hit the jelly but do no damage.
Your tentacles burn!
The jelly is severely wounded.
The jelly hits you.
You are splashed with acid!
You die...

..####........#
#....#........#
####..........#
.....#......).########
######...............##
#................##
######.................#
........................
#########......?@J.....#
#..<............
#............###
##...........#~~
##......<...#SB
########.#.#S∩ .#.#~S .#
#~~


You could see a jelly, 3 adders and a giant cockroach.

Vanquished Creatures
  2 adders (D:4)
  An orc (D:4)
  3 ball pythons (D:4)
  A goblin (D:4)
7 creatures vanquished.

Notes
Turn   | Place    | Note
-------+----------+-------------------------------------------
     0 | D:5      | Azuregosa the Octopode Delver began the quest for the Orb.
     0 | D:5      | Reached XP level 1. HP: 16/16 MP: 1/1
    30 | D:4      | Reached skill level 7 in Stealth
    30 | D:4      | Reached XP level 2. HP: 4/21 MP: 2/2
   213 | D:4      | Reached XP level 3. HP: 26/26 MP: 3/3
   228 | D:4      | Found a runed translucent door.
   229 | D:4      | Found an iron altar of Okawaru.
   235 | D:4      | Noticed a gnoll sergeant
   235 | D:4      | Found the +0 toga "Victory" {*Victory Clar}
   462 | D:4      | Found a glowing drain.
   464 | D:4      | Splashed by a jelly's acid

Illustrated notes

Levels and vault maps discovered:
D:4:      layout_rooms, nicolae_overflow_guarded_unrand_okawaru_victory,
          gup_sewer_entry_glass, hangedman_decor_points
D:5:      layout_cave_pools, tso_altar, uniq_ijyb, uniq_blork_the_orc

Skill      XL: |  1 |
---------------+----+-----
Stealth        | 7 |  7.3
Fighting       | |  3.4
Axes           | |  2.0
Dodging        | |  2.0

Action                     || total
---------------------------++-------
  Melee: Hand axe          ||    13
         Constrict         ||     4
         Tentacles         ||     4
    Use: Scroll            ||     1
   Stab: Sleeping          ||     2
 Armour: Skin              ||     7
  Dodge: Dodged            ||     8

Table legend: (Time is in decaauts)
 A = Elapsed time spent in this place.
 B = Non-inter-level travel time spent in this place.
 C = Inter-level travel time spent in this place.
 D = Time resting spent in this place.
 E = Time spent auto-exploring this place.
 F = Levels seen in this place.
 G = Mean time per level.
                   A        B        C        D        E       F      G
               +--------+--------+--------+--------+--------+-----+--------+
         Total |    465 |    465 |      0 |     80 |    279 |   2 |  232.5 |
       Dungeon |    465 |    465 |      0 |     80 |    279 |   2 |  232.5 |
               +--------+--------+--------+--------+--------+-----+--------+

Top non-repeatable levels by time:
     D:4: 441 daAuts
     D:5: 24 daAuts
